[ AOE2 MATCH · #506730639 ]
UnrankedBengalis vs Italians
Player's team · WIN
Rival team · LOSS
[ REPLAY ANALYSIS · EXTRACTED FROM THE RECORDED GAME ]
Feudal
8:33
Castle
19:18
Imperial
—
| APM avg | 71.1 |
| APM peak | 109 |
| eAPM avg | 29.2 |
| Villagers / military | 84 / 23 |
Focus
⚔️ 50.6% · 🌾 49.4%
Skirmisher ×14 · Elephant Archer ×6 · Scout Cavalry ×2 · Monk ×1
Feudal
10:12
Castle
20:11
Imperial
—
| APM avg | 62.8 |
| APM peak | 117 |
| eAPM avg | 38.1 |
| Villagers / military | 69 / 42 |
Focus
⚔️ 56.4% · 🌾 43.6%
Archer ×28 · Knight ×4 · Spearman ×4 · Militia ×3 · Monk ×2 · Skirmisher ×1
Match map
Initial resources + every placement click. Lines = walls · curves = elevation contours. ◆ gold · ⬟ stone · ● berries · ✦ relic · ◌ wall gap
Your base· Open — 8t gap
KIV.YourAddHere's base· Open — 8t gap
Smoothed initial terrain · ◌ = detected wall gap · hover for details
Inputs per minute
— DS_Laura - - KIV.YourAddHere
Build order — DS_Laura
First 150 of 200 actions detected
| 0:01 | Create | Villager (Male) |
| 0:01 | Create | Villager (Male) |
| 0:02 | Create | Villager (Male) |
| 0:02 | Create | Villager (Male) |
| 0:02 | Create | Villager (Male) |
| 0:04 | Build | House |
| 0:05 | Build | House |
| 1:24 | Create | Villager (Male) |
| 1:24 | Create | Villager (Male) |
| 1:48 | Create | Villager (Male) |
| 1:49 | Create | Villager (Male) |
| 2:05 | Create | Villager (Male) |
| 2:05 | Create | Villager (Male) |
| 2:22 | Build | Lumber Camp |
| 2:31 | Create | Villager (Male) |
| 2:31 | Create | Villager (Male) |
| 2:55 | Create | Villager (Male) |
| 3:27 | Create | Villager (Male) |
| 3:30 | Create | Villager (Male) |
| 3:50 | Build | House |
| 3:51 | Build | House |
| 3:56 | Create | Villager (Male) |
| 3:57 | Create | Villager (Male) |
| 3:58 | Create | Villager (Male) |
| 4:45 | Build | Mill |
| 4:51 | Create | Villager (Male) |
| 5:49 | Research | Loom |
| 5:52 | Create | Villager (Male) |
| 6:23 | Research | Feudal Age |
| 7:39 | Build | Barracks |
| 7:52 | Build | House |
| 7:53 | Build | House |
| 8:07 | Create | Villager (Male) |
| 8:29 | Create | Villager (Male) |
| 8:33 | Age | Feudal Age |
| 8:41 | Create | Villager (Male) |
| 8:47 | Create | Villager (Male) |
| 8:50 | Create | Villager (Male) |
| 8:52 | Build | Stable |
| 8:56 | Build | Palisade Wall |
| 8:57 | Build | Palisade Wall |
| 9:03 | Create | Villager (Male) |
| 9:12 | Research | Double-Bit Axe |
| 9:15 | Create | Villager (Male) |
| 9:20 | Build | Palisade Wall |
| 9:26 | Create | Villager (Male) |
| 9:33 | Create | Scout Cavalry |
| 9:33 | Create | Scout Cavalry |
| 9:35 | Create | Villager (Male) |
| 9:37 | Create | Villager (Male) |
| 10:07 | Research | Horse Collar |
| 10:20 | Build | Farm |
| 10:21 | Build | Farm |
| 10:22 | Build | Farm |
| 10:31 | Create | Villager (Male) |
| 10:43 | Build | Palisade Wall |
| 10:53 | Build | Farm |
| 10:59 | Build | Farm |
| 11:15 | Create | Villager (Male) |
| 11:15 | Create | Villager (Male) |
| 11:28 | Build | Palisade Wall |
| 11:35 | Build | Farm |
| 11:36 | Build | Farm |
| 11:53 | Create | Villager (Male) |
| 12:01 | Build | Palisade Wall |
| 12:08 | Build | Farm |
| 12:10 | Build | Farm |
| 12:12 | Create | Villager (Male) |
| 12:20 | Build | House |
| 12:22 | Build | House |
| 12:25 | Build | House |
| 12:28 | Create | Villager (Male) |
| 12:30 | Build | Farm |
| 12:31 | Create | Villager (Male) |
| 12:31 | Create | Villager (Male) |
| 12:39 | Create | Villager (Male) |
| 12:51 | Research | Town Watch |
| 12:54 | Create | Villager (Male) |
| 12:56 | Build | Farm |
| 12:56 | Create | Villager (Male) |
| 12:56 | Create | Villager (Male) |
| 12:57 | Create | Villager (Male) |
| 13:15 | Create | Villager (Male) |
| 13:16 | Create | Villager (Male) |
| 13:23 | Create | Villager (Male) |
| 13:26 | Build | Farm |
| 13:28 | Build | Farm |
| 13:36 | Build | Farm |
| 13:49 | Create | Villager (Male) |
| 13:52 | Create | Villager (Male) |
| 14:06 | Build | Mining Camp |
| 14:09 | Create | Villager (Male) |
| 14:16 | Build | Palisade Wall |
| 14:19 | Build | Palisade Wall |
| 14:23 | Create | Villager (Male) |
| 14:50 | Create | Villager (Male) |
| 14:51 | Create | Villager (Male) |
| 14:52 | Create | Villager (Male) |
| 14:59 | Create | Villager (Male) |
| 14:59 | Create | Villager (Male) |
| 15:04 | Create | Villager (Male) |
| 15:05 | Create | Villager (Male) |
| 15:16 | Create | Villager (Male) |
| 15:20 | Build | Archery Range |
| 15:26 | Create | Villager (Male) |
| 15:34 | Build | House |
| 15:35 | Build | House |
| 15:50 | Create | Villager (Male) |
| 15:59 | Build | Blacksmith |
| 16:14 | Build | Palisade Wall |
| 16:19 | Build | Palisade Wall |
| 16:29 | Build | House |
| 16:38 | Research | Castle Age |
| 16:40 | Create | Skirmisher |
| 16:40 | Create | Skirmisher |
| 16:40 | Create | Skirmisher |
| 16:57 | Build | House |
| 16:58 | Build | House |
| 17:07 | Create | Skirmisher |
| 17:32 | Build | House |
| 17:34 | Build | House |
| 17:37 | Build | House |
| 17:41 | Research | Fletching |
| 17:58 | Create | Skirmisher |
| 18:04 | Research | Gold Mining |
| 18:04 | Research | Gold Mining |
| 18:07 | Research | Padded Archer Armor |
| 19:18 | Age | Castle Age |
| 19:22 | Create | Villager (Male) |
| 19:28 | Create | Villager (Male) |
| 19:28 | Create | Villager (Male) |
| 19:32 | Build | Town Center |
| 19:35 | Research | Bodkin Arrow |
| 19:41 | Research | Bow Saw |
| 19:43 | Create | Villager (Male) |
| 19:57 | Create | Villager (Male) |
| 19:58 | Create | Villager (Male) |
| 20:20 | Create | Villager (Male) |
| 20:34 | Create | Villager (Male) |
| 20:39 | Create | Villager (Male) |
| 20:47 | Create | Skirmisher |
| 20:50 | Create | Villager (Male) |
| 21:01 | Create | Villager (Male) |
| 21:06 | Build | Town Center |
| 21:10 | Build | House |
| 21:11 | Build | House |
| 21:18 | Create | Villager (Male) |
| 21:22 | Create | Elephant Archer |
| 21:22 | Create | Elephant Archer |
| 21:28 | Research | Bloodlines |
Build order — KIV.YourAddHere
First 150 of 171 actions detected
| 0:00 | Create | Villager (Male) |
| 0:02 | Build | House |
| 0:03 | Build | House |
| 0:14 | Create | Villager (Male) |
| 0:15 | Create | Villager (Male) |
| 0:24 | Create | Villager (Male) |
| 0:24 | Create | Villager (Male) |
| 1:29 | Create | Villager (Male) |
| 1:29 | Create | Villager (Male) |
| 2:05 | Research | Loom |
| 2:08 | Build | Barracks |
| 2:15 | Create | Villager (Male) |
| 2:42 | Create | Villager (Male) |
| 3:05 | Create | Militia |
| 3:05 | Create | Militia |
| 3:27 | Create | Villager (Male) |
| 3:27 | Create | Villager (Male) |
| 3:27 | Create | Villager (Male) |
| 3:43 | Build | House |
| 3:51 | Create | Villager (Male) |
| 4:01 | Create | Militia |
| 4:16 | Create | Villager (Male) |
| 4:16 | Create | Villager (Male) |
| 4:42 | Create | Villager (Male) |
| 4:42 | Create | Villager (Male) |
| 4:50 | Build | House |
| 4:58 | Create | Villager (Male) |
| 4:58 | Create | Villager (Male) |
| 5:16 | Create | Villager (Male) |
| 5:17 | Create | Villager (Male) |
| 5:34 | Create | Villager (Male) |
| 5:34 | Create | Villager (Male) |
| 5:34 | Create | Villager (Male) |
| 5:56 | Create | Villager (Male) |
| 5:56 | Create | Villager (Male) |
| 5:56 | Create | Villager (Male) |
| 6:20 | Create | Villager (Male) |
| 6:49 | Create | Villager (Male) |
| 7:00 | Build | Mill |
| 7:36 | Create | Villager (Male) |
| 7:59 | Research | Feudal Age |
| 8:33 | Build | Mining Camp |
| 9:21 | Build | Lumber Camp |
| 9:35 | Create | Villager (Male) |
| 9:52 | Build | Palisade Wall |
| 9:56 | Build | Palisade Wall |
| 9:57 | Build | Palisade Wall |
| 9:59 | Build | Palisade Wall |
| 10:07 | Create | Villager (Male) |
| 10:12 | Age | Feudal Age |
| 10:14 | Create | Spearman |
| 10:18 | Research | Double-Bit Axe |
| 10:21 | Create | Villager (Male) |
| 10:34 | Create | Villager (Male) |
| 10:40 | Build | House |
| 10:46 | Create | Spearman |
| 10:52 | Create | Villager (Male) |
| 10:54 | Build | Palisade Wall |
| 11:06 | Build | House |
| 11:08 | Build | Palisade Wall |
| 11:23 | Build | Palisade Wall |
| 11:27 | Research | Horse Collar |
| 11:29 | Build | House |
| 11:42 | Create | Spearman |
| 11:58 | Build | Palisade Wall |
| 12:05 | Create | Villager (Male) |
| 12:07 | Build | Farm |
| 12:12 | Build | Palisade Wall |
| 12:16 | Build | Farm |
| 12:20 | Create | Villager (Male) |
| 12:22 | Build | Palisade Wall |
| 12:31 | Create | Spearman |
| 12:33 | Create | Villager (Male) |
| 12:36 | Build | Farm |
| 12:54 | Build | Palisade Wall |
| 12:55 | Build | Palisade Wall |
| 12:56 | Build | Palisade Wall |
| 13:01 | Build | House |
| 13:05 | Build | Farm |
| 13:21 | Build | Farm |
| 13:23 | Build | Farm |
| 13:25 | Create | Villager (Male) |
| 13:47 | Build | Farm |
| 13:51 | Create | Villager (Male) |
| 14:05 | Build | Archery Range |
| 14:16 | Build | House |
| 14:20 | Build | House |
| 14:22 | Create | Villager (Male) |
| 14:25 | Build | Farm |
| 14:35 | Build | House |
| 14:36 | Build | Palisade Wall |
| 14:51 | Create | Villager (Male) |
| 14:54 | Build | Farm |
| 14:58 | Create | Skirmisher |
| 14:59 | Create | Archer |
| 15:02 | Create | Archer |
| 15:04 | Build | Farm |
| 15:22 | Create | Villager (Male) |
| 15:23 | Research | Wheelbarrow |
| 15:26 | Build | Farm |
| 15:59 | Build | Market |
| 16:01 | Build | House |
| 16:03 | Build | Palisade Wall |
| 16:06 | Build | Palisade Wall |
| 16:07 | Build | Palisade Wall |
| 16:20 | Build | Farm |
| 16:21 | Create | Villager (Male) |
| 16:35 | Create | Archer |
| 17:13 | Create | Archer |
| 17:30 | Build | Archery Range |
| 17:31 | Research | Castle Age |
| 17:37 | Build | Farm |
| 17:38 | Create | Archer |
| 17:42 | Create | Villager (Male) |
| 18:01 | Build | Palisade Wall |
| 18:09 | Create | Villager (Male) |
| 18:15 | Research | Gold Mining |
| 18:16 | Create | Archer ×5 |
| 18:23 | Build | House |
| 18:28 | Build | Palisade Wall |
| 18:30 | Build | House |
| 18:50 | Build | Lumber Camp |
| 18:57 | Create | Villager (Male) |
| 18:58 | Create | Archer |
| 19:06 | Build | House |
| 19:08 | Create | Archer |
| 19:08 | Create | Archer |
| 19:17 | Create | Archer |
| 19:36 | Create | Villager (Male) |
| 19:58 | Create | Archer ×2 |
| 19:59 | Create | Archer ×2 |
| 20:10 | Build | Blacksmith |
| 20:11 | Age | Castle Age |
| 20:18 | Research | Crossbowman (upgrade) |
| 20:26 | Research | Town Watch |
| 20:29 | Build | Mining Camp |
| 20:38 | Create | Archer |
| 20:38 | Create | Archer |
| 20:46 | Create | Villager (Male) |
| 20:47 | Build | Monastery |
| 20:51 | Create | Villager (Male) |
| 21:04 | Research | Fletching |
| 21:08 | Create | Villager (Male) |
| 21:09 | Create | Archer |
| 21:09 | Create | Archer |
| 21:26 | Create | Villager (Male) |
| 21:29 | Create | Monk |
| 21:38 | Create | Villager (Male) ×5 |
| 21:43 | Build | Lumber Camp |
| 21:50 | Create | Archer |
Match timeline
| 2:08 | KIV.YourAddHere · first_building Barracks |
| 7:39 | DS_Laura · first_building Barracks |
| 8:33 | DS_Laura · age_up feudal |
| 8:52 | DS_Laura · first_building Stable |
| 8:56 | DS_Laura · wall_segment Palisade Wall x4 |
| 8:57 | DS_Laura · wall_segment Palisade Wall x10 |
| 9:20 | DS_Laura · wall_segment Palisade Wall x17 |
| 9:52 | KIV.YourAddHere · wall_segment Palisade Wall x1 |
| 9:56 | KIV.YourAddHere · wall_segment Palisade Wall x1 |
| 9:57 | KIV.YourAddHere · wall_segment Palisade Wall x1 |
| 9:59 | KIV.YourAddHere · wall_segment Palisade Wall x1 |
| 10:12 | KIV.YourAddHere · age_up feudal |
| 10:43 | DS_Laura · wall_segment Palisade Wall x13 |
| 10:54 | KIV.YourAddHere · wall_segment Palisade Wall x1 |
| 11:08 | KIV.YourAddHere · wall_segment Palisade Wall x9 |
| 11:23 | KIV.YourAddHere · wall_segment Palisade Wall x1 |
| 11:28 | DS_Laura · wall_segment Palisade Wall x13 |
| 11:58 | KIV.YourAddHere · wall_segment Palisade Wall x1 |
| 12:01 | DS_Laura · wall_segment Palisade Wall x2 |
| 12:12 | KIV.YourAddHere · wall_segment Palisade Wall x1 |
| 12:22 | KIV.YourAddHere · wall_segment Palisade Wall x1 |
| 12:54 | KIV.YourAddHere · wall_segment Palisade Wall x1 |
| 12:55 | KIV.YourAddHere · wall_segment Palisade Wall x1 |
| 12:56 | KIV.YourAddHere · wall_segment Palisade Wall x1 |
| 14:05 | KIV.YourAddHere · first_building Archery Range |
| 14:16 | DS_Laura · wall_segment Palisade Wall x2 |
| 14:19 | DS_Laura · wall_segment Palisade Wall x3 |
| 14:36 | KIV.YourAddHere · wall_segment Palisade Wall x1 |
| 15:20 | DS_Laura · first_building Archery Range |
| 16:03 | KIV.YourAddHere · wall_segment Palisade Wall x4 |
| 16:06 | KIV.YourAddHere · wall_segment Palisade Wall x5 |
| 16:07 | KIV.YourAddHere · wall_segment Palisade Wall x2 |
| 16:14 | DS_Laura · wall_segment Palisade Wall x5 |
| 16:19 | DS_Laura · wall_segment Palisade Wall x3 |
| 16:55 | KIV.YourAddHere · first_market_sell 500 stone |
| 16:56 | KIV.YourAddHere · first_market_buy 100 food |
| 18:01 | KIV.YourAddHere · wall_segment Palisade Wall x7 |
| 18:28 | KIV.YourAddHere · wall_segment Palisade Wall x1 |
| 19:18 | DS_Laura · age_up castle |
| 20:11 | KIV.YourAddHere · age_up castle |
| 20:47 | KIV.YourAddHere · first_building Monastery |
| 21:58 | KIV.YourAddHere · first_building Stable |
| 23:14 | KIV.YourAddHere · wall_segment Palisade Wall x1 |
| 24:43 | DS_Laura · first_building Monastery |
| 25:29 | KIV.YourAddHere · resign |
[ AI ANALYSIS · 1 CREDIT ]
What really happened in this match?
Wolo.gg analyzes every decision: build order, eco, micro, common mistakes by bracket. Personalized analysis on WhatsApp or Discord in 30 seconds.
Civ guide
Bengalis
Perfil
Jugador #543349